[Event "Titled Tuesday Blitz August 09 Early 2022"]
[White "Kiseljova, Marya"]
[Black "Mouhamad, Joachim"]
[WhiteFideId "4155009"]
[BlackFideId "656410"]
[WhiteElo "1697"]
[BlackElo "2147"]
[Result "0-1"]
[Round "07"]
[TimeControl "180+1"]
[Date "2022.08.09"]
[WhiteClock "0:00:05"]
[BlackClock "0:00:39"]

1. d4 Nf6 2. c4 g6 3. Nc3 d5 4. cxd5 Nxd5 5. Bd2 Bg7 6. e4 Nxc3 7. Bxc3 c5 8. d5 Bxc3+ 9. bxc3 O-O 10. Qd2 Nd7 11. Nf3 Nf6 12. Qf4 Qd6 13. e5 Nxd5 14. exd6 Nxf4 15. dxe7 Re8 16. O-O-O Be6 17. Kb2 Rxe7 18. Bb5 a6 19. Ba4 b5 20. Bc2 Nxg2 21. Ne5 Nf4 22. Nc6 Rc7 23. Na5 Kg7 24. Be4 Rb8 25. h4 h5 26. Rhg1 c4 27. Rg5 b4 28. cxb4 Rxb4+ 29. Kc3 Ra4 30. Rd2 f6 31. Bc6 Rxc6 32. Rxg6+ Kxg6 33. Nxc6 Nd5+ 34. Kc2 Rxa2+ 35. Kd1 Rxd2+ 36. Kxd2 c3+ 37. Kc2 Bf5+ 38. Kb3 c2 39. Nd4 c1=Q 40. Nxf5 Kxf5 0-1


[Site "https://www.chess.com"]

[Event "Titled Tuesday Blitz August 09 Early 2022"]
[White "Korchmar, Vasiliy"]
[Black "Antonio, Rogelio Jr"]
[WhiteFideId "24131750"]
[BlackFideId "5200032"]
[WhiteElo "2370"]
[BlackElo "2415"]
[Result "0-1"]
[Round "07"]
[TimeControl "180+1"]
[Date "2022.08.09"]
[WhiteClock "0:00:01"]
[BlackClock "0:00:24"]

1. e4 c6 2. d4 d5 3. e5 c5 4. dxc5 Nc6 5. Bb5 Qa5+ 6. Nc3 e6 7. Be3 a6 8. Bxc6+ bxc6 9. a3 Ne7 10. b4 Qc7 11. Nf3 Nf5 12. Bd4 a5 13. b5 a4 14. O-O Qa5 15. Rb1 Be7 16. Rb4 cxb5 17. Nxb5 Ba6 18. c4 O-O 19. Nd6 dxc4 20. Rxa4 Qc7 21. g4 Nxd4 22. Qxd4 Qc6 23. Rxa6 Rxa6 24. Nd2 Ra4 25. N2xc4 Qa6 26. Rc1 f6 27. exf6 Rxf6 28. Qe5 Bxd6 29. Nxd6 Rxg4+ 0-1


[Site "https://www.chess.com"]

[Event "Titled Tuesday Blitz August 09 Early 2022"]
[White "Kravtsiv, Martyn"]
[Black "Sarana, Alexey"]
[WhiteFideId "14113147"]
[BlackFideId "24133795"]
[WhiteElo "2694"]
[BlackElo "2666"]
[Result "0-1"]
[Round "07"]
[TimeControl "180+1"]
[Date "2022.08.09"]
[WhiteClock "0:00:02"]
[BlackClock "0:00:08"]

1. e4 c5 2. Nf3 d6 3. Bb5+ Nd7 4. d4 cxd4 5. Qxd4 a6 6. Bxd7+ Bxd7 7. O-O Nf6 8. Bg5 e6 9. Nbd2 Be7 10. Nc4 Bb5 11. Bxf6 gxf6 12. Rfe1 Rc8 13. Ne3 Qa5 14. c4 Bc6 15. Nd5 Kf8 16. b4 Qd8 17. Nb6 Rb8 18. Rad1 h5 19. a4 Qc7 20. a5 Rg8 21. g3 Rg4 22. h3 Rg6 23. Qe3 Kg8 24. Kh2 Kh7 25. Rc1 Bf8 26. Nh4 Rg8 27. Qf3 Bh6 28. Qxh5 Rg7 29. Qf3 Bg5 30. Ng2 Bxc1 31. Rxc1 Qe7 32. Qh5+ Kg8 33. Re1 f5 34. exf5 Qf6 35. Ne3 Rg5 36. Qh4 Rxf5 37. Nxf5 Qxf5 38. Qf4 Qxf4 39. gxf4 Kf8 40. Rg1 Ke7 41. h4 Rh8 42. Kh3 Be4 43. Rg5 Bf5+ 44. Kg3 Kf8 45. Nd7+ Ke7 46. Nb6 Bd3 47. c5 d5 48. h5 Kf8 49. Nd7+ Ke8 50. Ne5 f6 51. Nxd3 fxg5 52. fxg5 Rxh5 53. f4 Rh1 54. Kf2 Rh3 55. Ne5 Rb3 56. g6 Kf8 57. c6 bxc6 58. Nxc6 Kg7 59. Nd4 Rxb4 60. Nxe6+ Kxg6 61. Nc7 Rxf4+ 62. Ke3 Re4+ 63. Kd3 Kf5 64. Nxd5 Re6 65. Kc4 Rc6+ 66. Kd4 Ke6 67. Nb4 Rd6+ 68. Kc5 Kd7 69. Nd5 Rh6 70. Nb6+ Kc7 71. Nd5+ Kb7 72. Nb4 Rh5+ 73. Nd5 Rh1 74. Nb6 Rb1 75. Nc4 Rb5+ 76. Kd6 Rh5 77. Ne5 Rh4 78. Kd5 Rb4 79. Nc4 Rb1 80. Kc5 Rb3 81. Nd6+ Kc7 82. Nc4 Rb5+ 83. Kd4 Rh5 84. Ne5 Kd6 85. Nc4+ Ke6 86. Ke4 Rh4+ 87. Kd3 Kd5 88. Nb6+ Kc6 89. Nc4 Kb5 90. Ne5 Kxa5 91. Kc3 Kb5 92. Kb2 a5 93. Nf3 Rh3 94. Nd4+ Kc4 95. Nc6 a4 96. Ka2 Re3 97. Na5+ Kc5 98. Nb7+ Kc6 99. Na5+ Kb5 100. Nb7 Rd3 101. Kb2 Rd7 0-1


[Site "https://www.chess.com"]

[Event "Titled Tuesday Blitz August 09 Early 2022"]
[White "Krzywda, Andrzej"]
[Black "Ovezdurdyyeva, Jemal"]
[WhiteFideId "1114565"]
[BlackFideId "14001888"]
[WhiteElo "2098"]
[BlackElo "1946"]
[Result "1-0"]
[Round "07"]
[TimeControl "180+1"]
[Date "2022.08.09"]
[WhiteClock "0:00:34"]
[BlackClock "0:00:16"]

1. e4 d6 2. d4 Nf6 3. Nc3 g6 4. Be3 Bg7 5. h3 a6 6. a4 Nc6 7. Nge2 e5 8. g4 h5 9. g5 Nh7 10. d5 Ne7 11. Qd2 c5 12. a5 O-O 13. Rg1 b5 14. axb6 Qxb6 15. Ra2 Bd7 16. Nc1 Rfb8 17. Rg3 Qb7 18. Be2 Qc8 19. h4 Nf8 20. Nb3 Rb4 21. Na5 Bb5 22. b3 Qc7 23. Bc4 Nc8 24. Qd3 Nb6 25. Bxb5 axb5 26. Nxb5 Qd7 27. c4 Qd8 28. Nc6 Qc8 29. Ne7+ 1-0


[Site "https://www.chess.com"]

[Event "Titled Tuesday Blitz August 09 Early 2022"]
[White "Kukreja, Sankalp"]
[Black "Vlassov, Nikolai"]
[WhiteFideId "45027676"]
[BlackFideId "4103360"]
[WhiteElo "2004"]
[BlackElo "2324"]
[Result "1-0"]
[Round "07"]
[TimeControl "180+1"]
[Date "2022.08.09"]
[WhiteClock "0:00:24"]
[BlackClock "0:00:06"]

1. e4 c5 2. Nf3 d6 3. d4 cxd4 4. Nxd4 Nf6 5. Nc3 g6 6. Be3 a6 7. f3 Nbd7 8. Qd2 Qc7 9. O-O-O b5 10. g4 Nb6 11. g5 Nfd7 12. h4 Ne5 13. Nd5 Nxd5 14. exd5 Bb7 15. f4 Nc4 16. Bxc4 Qxc4 17. Kb1 Qxd5 18. Rhe1 Bg7 19. h5 O-O 20. Qh2 Qg2 21. Qh4 Rac8 22. hxg6 fxg6 23. Rd2 Qe4 24. Rh2 h5 25. gxh6 Bxd4 26. Bxd4 Qxd4 27. Qxe7 Rf7 28. h7+ Kg7 29. Qh4 Kh8 30. Qg4 Qf6 31. a3 Rxh7 32. Rxh7+ Kxh7 33. Qd7+ Kg8 34. Qxb7 Qf5 35. Re2 a5 36. Rh2 b4 37. Qh7+ Kf8 38. Qh8+ Ke7 39. Rh7+ Ke6 40. Qxc8+ 1-0


[Site "https://www.chess.com"]

[Event "Titled Tuesday Blitz August 09 Early 2022"]
[White "Kuznetsova, Olga"]
[Black "Ekdyshman, Mikhail"]
[WhiteFideId "4191323"]
[BlackFideId "4149416"]
[WhiteElo "2134"]
[BlackElo "2146"]
[Result "1/2-1/2"]
[Round "07"]
[TimeControl "180+1"]
[Date "2022.08.09"]
[WhiteClock "0:00:17"]
[BlackClock "0:00:07"]

1. d4 Nf6 2. g3 d5 3. Bg2 Bf5 4. Nf3 h6 5. O-O e6 6. c4 c6 7. Qb3 Bxb1 8. Rxb1 Qb6 9. c5 Qxb3 10. axb3 a6 11. b4 Nbd7 12. Bf4 Be7 13. Ra1 Ne4 14. Nd2 Nxd2 15. Bxd2 Bf6 16. Bc3 O-O 17. f4 g6 18. Rae1 Bg7 19. Bh3 Rae8 20. Kg2 Nf6 21. Kf3 Ne4 22. e3 g5 23. Ke2 f5 24. Kd3 Ra8 25. Ra1 Kf7 26. Bg2 Nf6 27. h3 Ke7 28. Bf3 g4 29. hxg4 fxg4 30. Be2 h5 31. Rh1 Rh8 32. Bf1 Ne4 33. Be1 Bf6 34. Bg2 Nxg3 35. Bxg3 h4 36. Be1 Rag8 37. Ke2 h3 38. Bf1 g3 39. Bxh3 g2 40. Bxg2 Rxg2+ 41. Bf2 Rhh2 42. Rxh2 Rxh2 43. Kf3 Kf7 44. Rg1 Rh3+ 45. Kg2 Rh8 46. Rh1 Rg8+ 47. Kf3 Rg7 48. b5 axb5 49. Ra1 Kg6 50. b4 Kf5 51. Rh1 Kg6 52. Ra1 Kf5 53. Rh1 Be7 54. Rh6 Bf6 55. Bg3 Be7 56. Bf2 Bf6 57. Rh1 1/2-1/2


[Site "https://www.chess.com"]

[Event "Titled Tuesday Blitz August 09 Early 2022"]
[White "Lakshmi C"]
[Black "Tuleyeva-Aketayeva, Dana"]
[WhiteFideId "25035347"]
[BlackFideId "13701932"]
[WhiteElo "1775"]
[BlackElo "1849"]
[Result "1-0"]
[Round "07"]
[TimeControl "180+1"]
[Date "2022.08.09"]
[WhiteClock "0:00:59"]
[BlackClock "0:00:01"]

1. e4 c5 2. Nf3 Nc6 3. d4 cxd4 4. Nxd4 g6 5. Nc3 Bg7 6. Be3 Nf6 7. Be2 O-O 8. O-O d6 9. Nb3 Bd7 10. f4 h5 11. h3 b6 12. Bf3 Rc8 13. Nd5 Nxd5 14. exd5 Nb4 15. c3 Na6 16. Nd4 b5 17. f5 b4 18. fxg6 fxg6 19. Rc1 bxc3 20. bxc3 Kh7 21. Be4 Rxf1+ 22. Kxf1 Qf8+ 23. Kg1 Kg8 24. Bxg6 1-0


[Site "https://www.chess.com"]

[Event "Titled Tuesday Blitz August 09 Early 2022"]
[White "Large, Peter G"]
[Black "Bolourchifard, Farzad"]
[WhiteFideId "400866"]
[BlackFideId "12510084"]
[WhiteElo "2064"]
[BlackElo "2317"]
[Result "0-1"]
[Round "07"]
[TimeControl "180+1"]
[Date "2022.08.09"]
[WhiteClock "0:00:07"]
[BlackClock "0:00:17"]

1. Nf3 d5 2. b3 Nf6 3. Bb2 c5 4. e3 Nc6 5. Bb5 a6 6. Bxc6+ bxc6 7. Nc3 e6 8. Na4 Bd6 9. Ba3 Nd7 10. O-O O-O 11. d4 Qe7 12. Rc1 a5 13. Re1 Ba6 14. dxc5 Nxc5 15. Nxc5 Bxc5 16. Bxc5 Qxc5 17. e4 Qa3 18. Ra1 Rfd8 19. Qc1 Qc5 20. c3 Bd3 21. e5 a4 22. b4 Qb5 23. a3 c5 24. Qe3 Rac8 25. Rad1 Bg6 26. h4 d4 27. Qd2 Bh5 28. bxc5 Bxf3 29. gxf3 d3 30. Re3 Qxc5 31. Rxd3 Rxd3 32. Qxd3 h6 33. f4 Qxa3 34. Qa6 Qxc3 35. Qxa4 Qf3 36. Re1 Qg4+ 37. Kf1 Qxh4 38. Qa6 Rd8 39. Qb6 g6 40. Rb1 Kg7 41. Qe3 Rc8 42. Kg2 Rc4 0-1


[Site "https://www.chess.com"]

[Event "Titled Tuesday Blitz August 09 Early 2022"]
[White "Le, Tuan Minh"]
[Black "Belov, Vladimir"]
[WhiteFideId "12401153"]
[BlackFideId "4132394"]
[WhiteElo "2530"]
[BlackElo "2501"]
[Result "1-0"]
[Round "07"]
[TimeControl "180+1"]
[Date "2022.08.09"]
[WhiteClock "0:00:03"]
[BlackClock "0:00:03"]

1. d4 Nf6 2. Nf3 g6 3. Bg5 Bg7 4. Nbd2 O-O 5. c3 d6 6. e4 h6 7. Bh4 c5 8. dxc5 dxc5 9. Bc4 Nc6 10. Qe2 Nh5 11. O-O Qc7 12. Rfe1 Bg4 13. Qe3 Ne5 14. Nxe5 Qxe5 15. Nf3 Qc7 16. h3 Bxf3 17. Qxf3 e6 18. Rad1 Nf4 19. Bg3 Be5 20. Bf1 Rad8 21. Qe3 g5 22. h4 Kg7 23. hxg5 hxg5 24. Bh2 Ne2+ 25. Bxe2 Bxh2+ 26. Kf1 Bf4 27. Qf3 Rxd1 28. Bxd1 Rd8 29. g3 Bc1 30. e5 Qe7 31. b3 Bd2 32. Re4 Bxc3 33. Bc2 Bb2 34. Kg2 Rd4 35. Re2 Ba1 36. Qh5 Qd8 37. Qh7+ Kf8 38. Be4 b5 39. Re1 Rd1 40. Qh8+ Ke7 41. Qf6+ Kf8 42. Qh6+ 1-0


[Site "https://www.chess.com"]

[Event "Titled Tuesday Blitz August 09 Early 2022"]
[White "Legenia, Artem"]
[Black "De Souza, Cristiano Gomes"]
[WhiteFideId "14136945"]
[BlackFideId "2151758"]
[WhiteElo "1936"]
[BlackElo "2068"]
[Result "0-1"]
[Round "07"]
[TimeControl "180+1"]
[Date "2022.08.09"]
[WhiteClock "0:00:25"]
[BlackClock "0:01:23"]

1. e4 c5 2. Nf3 d6 3. Bb5+ Bd7 4. Bxd7+ Qxd7 5. O-O Nc6 6. Re1 g6 7. c3 Bg7 8. d4 cxd4 9. cxd4 Nf6 10. Nc3 O-O 11. Bg5 h6 12. Bxf6 Bxf6 13. Rc1 Rac8 14. h3 Bg7 15. Qd2 a6 16. Nd5 Qd8 17. Red1 e6 18. Ne3 b5 19. Rc2 Qd7 20. Rdc1 Ne7 21. Qa5 Rxc2 22. Rxc2 Rc8 23. Rc3 Rxc3 24. bxc3 Qc8 25. Qb6 Bf8 26. Qxd6 Nf5 27. Qb6 Nxe3 28. fxe3 Qxc3 29. Qxa6 Qxe3+ 30. Kh2 Qxe4 31. Qxb5 Bd6+ 32. Kh1 Bg3 33. Qb3 Qe2 34. Ng1 Qe1 35. Qd3 Bf2 0-1


[Site "https://www.chess.com"]

[Event "Titled Tuesday Blitz August 09 Early 2022"]
[White "Leschinsky, Gary"]
[Black "Gatterer, Florian"]
[WhiteFideId "30951321"]
[BlackFideId "811688"]
[WhiteElo "1809"]
[BlackElo "2218"]
[Result "0-1"]
[Round "07"]
[TimeControl "180+1"]
[Date "2022.08.09"]
[WhiteClock "0:00:06"]
[BlackClock "0:00:15"]

1. c4 e6 2. Nc3 d5 3. d4 c5 4. cxd5 cxd4 5. Qxd4 Nc6 6. Qa4 exd5 7. Nf3 d4 8. Nb5 Bb4+ 9. Bd2 Bxd2+ 10. Nxd2 Nf6 11. Qa3 Qe7 12. Nd6+ Kd7 13. N2c4 Rd8 14. Rd1 Ne4 15. Nxe4 Qxe4 16. Nb6+ axb6 17. Qxa8 Kc7 18. Qa3 Bf5 19. f3 Qe5 20. e4 dxe3 21. Rxd8 Kxd8 22. Be2 Nd4 23. Bd3 Bd7 24. O-O e2 25. Re1 Qe3+ 26. Kh1 Qf2 27. Qc3 Nxf3 28. gxf3 Qxf3+ 29. Kg1 Qe3+ 30. Kh1 Bc6+ 31. Qxc6 bxc6 0-1


[Site "https://www.chess.com"]

[Event "Titled Tuesday Blitz August 09 Early 2022"]
[White "Leve, Nitai"]
[Black "Rostomyan, Mikayel"]
[WhiteFideId "2006898"]
[BlackFideId "13313754"]
[WhiteElo "2144"]
[BlackElo "1426"]
[Result "1/2-1/2"]
[Round "07"]
[TimeControl "180+1"]
[Date "2022.08.09"]
[WhiteClock "0:00:10"]
[BlackClock "0:00:13"]

1. e4 c5 2. Nf3 Nc6 3. d4 cxd4 4. Nxd4 g6 5. Nc3 Bg7 6. Be3 Nf6 7. Be2 d5 8. Nxc6 bxc6 9. e5 Nd7 10. f4 f6 11. e6 Nf8 12. f5 gxf5 13. Bh5+ Ng6 14. Qe2 Bxe6 15. O-O Qd7 16. Na4 Bf7 17. Nc5 Qc8 18. g4 f4 19. Bxf4 O-O 20. Bxg6 hxg6 21. g5 fxg5 22. Bxg5 Bd4+ 23. Be3 Bxb2 24. Rab1 Bf6 25. Rb7 Qh3 26. Nd7 Be6 27. Nxf8 Rxf8 28. Rxa7 Bg4 29. Qd3 Bf5 30. Qd2 Be5 31. Rxe7 Bd6 32. Ra7 Bxh2+ 33. Qxh2 Qxe3+ 34. Qf2 Qg5+ 35. Qg2 Qe3+ 36. Qf2 Qh3 37. Qg2 Qxg2+ 38. Kxg2 Bh3+ 39. Kxh3 Rxf1 40. a4 Rf3+ 41. Kg4 Rc3 42. Kg5 Rxc2 43. Kxg6 Kf8 44. Kf6 Ke8 45. Ke6 Kd8 46. Kd6 Kc8 47. a5 Kb8 48. Rh7 d4 49. a6 d3 50. Rh3 d2 51. Rd3 c5 52. Kc6 c4 53. Rd7 c3 54. a7+ Ka8 55. Kb6 Rb2+ 56. Ka6 Ra2+ 57. Kb6 Rb2+ 58. Ka6 d1=Q 59. Rxd1 Rd2 60. Rc1 Rd6+ 61. Kb5 Kxa7 62. Kc4 Rc6+ 63. Kd3 Kb6 64. Kc2 Rd6 65. Rb1+ Kc5 66. Rb3 Kd4 67. Rxc3 Rh6 68. Rd3+ Kc4 69. Rd2 Ra6 70. Rd8 Ra2+ 71. Kb1 Rh2 72. Rc8+ Kb3 73. Rb8+ Ka3 74. Ra8+ Kb4 75. Rb8+ Kc5 76. Rb2 Rh1+ 77. Ka2 Kc4 78. Rg2 Rh6 79. Rg4+ Kc3 80. Rg3+ Kc2 81. Rg2+ Kd3 82. Rg3+ Ke2 83. Rg2+ Kf3 84. Rb2 Ra6+ 85. Kb3 Ke3 86. Kc4 Rc6+ 87. Kd5 Rc1 88. Rh2 Kf4 89. Rd2 Rc8 90. Rd4+ Kf5 91. Ra4 Rd8+ 92. Kc6 Ke6 93. Kc7 Rd1 94. Re4+ Kd5 95. Rh4 Rc1+ 96. Kd7 Ra1 97. Rh5+ Ke4 98. Rh4+ Kf5 99. Rh5+ Kg6 100. Rh2 Rd1+ 101. Kc6 Kf6 102. Rf2+ 1/2-1/2


[Site "https://www.chess.com"]

[Event "Titled Tuesday Blitz August 09 Early 2022"]
[White "Levitskiy, Andrey"]
[Black "Orzech, Dominik"]
[WhiteFideId "14132885"]
[BlackFideId "1115065"]
[WhiteElo "2293"]
[BlackElo "2272"]
[Result "1-0"]
[Round "07"]
[TimeControl "180+1"]
[Date "2022.08.09"]
[WhiteClock "0:00:48"]
[BlackClock "0:01:40"]

1. e4 e6 2. d4 d5 3. Bd3 dxe4 4. Bxe4 Nf6 5. Bf3 c5 6. Ne2 Nc6 7. Be3 Nd5 8. Bxd5 Qxd5 9. Nbc3 Qxg2 10. Rg1 Qh3 11. Bf4 a6 12. d5 Nb4 13. a3 Nxd5 14. Nxd5 exd5 15. Qxd5 Qe6 16. Qd2 Bd7 17. O-O-O O-O-O 18. Nc3 f6 19. Rge1 Qc6 20. Qd5 g5 21. Bg3 Bh6 22. Re7 g4+ 23. Kb1 Rhe8 24. Qxc6+ bxc6 25. Rdxd7 Rxd7 26. Rxe8+ Kb7 27. Na4 Rd1+ 28. Ka2 Rd2 29. Nxc5+ 1-0


[Site "https://www.chess.com"]

[Event "Titled Tuesday Blitz August 09 Early 2022"]
[White "Livaic, Leon"]
[Black "Zou, Chen"]
[WhiteFideId "14531534"]
[BlackFideId "8610959"]
[WhiteElo "2540"]
[BlackElo "2276"]
[Result "1-0"]
[Round "07"]
[TimeControl "180+1"]
[Date "2022.08.09"]
[WhiteClock "0:00:14"]
[BlackClock "0:00:01"]

1. d4 Nf6 2. c4 e6 3. Nf3 d5 4. Nc3 Be7 5. g3 O-O 6. Bg2 dxc4 7. Ne5 c5 8. dxc5 Qxd1+ 9. Nxd1 Bxc5 10. Nxc4 Nc6 11. Bxc6 bxc6 12. Be3 Bb4+ 13. Bd2 Be7 14. Rc1 c5 15. f3 Ba6 16. e4 Rfc8 17. Nde3 Nd7 18. b3 Kf8 19. Kf2 Nb6 20. Rhd1 Rd8 21. Ke1 Ke8 22. Ba5 Rxd1+ 23. Kxd1 Nxc4 24. Nxc4 f6 25. Ke2 Rb8 26. Ke3 Rb7 27. g4 Rd7 28. Bc3 Kf7 29. h4 h6 30. h5 Bf8 31. Bb2 Be7 32. Ba3 Rc7 33. Nb2 Bb5 34. Nd3 Ke8 35. Nxc5 Bxc5+ 36. Bxc5 a6 37. b4 Rd7 38. Rc3 Rd1 39. Bb6 e5 40. Rc8+ Kf7 41. Bc5 Rd3+ 42. Kf2 Rd2+ 43. Kg3 Rxa2 44. Rc7+ Kg8 45. g5 hxg5 46. Kg4 Rf2 47. h6 gxh6 48. Bxf2 h5+ 49. Kxh5 Be8+ 50. Kh6 1-0


[Site "https://www.chess.com"]

[Event "Titled Tuesday Blitz August 09 Early 2022"]
[White "Locci, Damiano"]
[Black "Machidon, Cristi"]
[WhiteFideId "819751"]
[BlackFideId "13904590"]
[WhiteElo "2376"]
[BlackElo "2312"]
[Result "0-1"]
[Round "07"]
[TimeControl "180+1"]
[Date "2022.08.09"]
[WhiteClock "0:01:11"]
[BlackClock "0:01:20"]

1. c4 e5 2. Nc3 Nf6 3. Nf3 Nc6 4. e3 Bb4 5. Qc2 O-O 6. Nd5 Re8 7. Bd3 g6 8. Nxf6+ Qxf6 9. a3 Bf8 10. Be4 d6 11. b4 Bf5 12. Bb2 Bxe4 13. Qxe4 Qe6 14. O-O f5 15. Qc2 Bg7 16. d3 e4 17. dxe4 Qxe4 18. Qxe4 Rxe4 19. Bxg7 Kxg7 20. Nd2 Re7 21. Rfd1 Ne5 22. Rac1 a5 23. c5 dxc5 24. Rxc5 axb4 25. axb4 Nd3 26. Rb5 c6 27. Rb6 Nb2 28. Rc1 Na4 29. Nc4 Nxb6 30. Nxb6 Ra2 31. g3 Rb2 32. Rc4 Re4 33. Rc5 Rexb4 34. Nc8 Rd2 0-1


[Site "https://www.chess.com"]

[Event "Titled Tuesday Blitz August 09 Early 2022"]
[White "Maiorov, Nikita"]
[Black "Molina, Roberto Junio Brito"]
[WhiteFideId "13501720"]
[BlackFideId "2109450"]
[WhiteElo "2409"]
[BlackElo "2403"]
[Result "0-1"]
[Round "07"]
[TimeControl "180+1"]
[Date "2022.08.09"]
[WhiteClock "0:00:01"]
[BlackClock "0:00:03"]

1. d4 d5 2. c4 e6 3. Nc3 a6 4. cxd5 exd5 5. Nf3 c6 6. Bf4 Bd6 7. Bxd6 Qxd6 8. e3 Ne7 9. Be2 O-O 10. O-O Bf5 11. a3 Nd7 12. Rc1 Rfe8 13. Na4 Ng6 14. Qb3 Rab8 15. Rfe1 Re7 16. Nd2 Be6 17. Qc3 Rbe8 18. b4 Nf6 19. Nc5 Bg4 20. Bd3 Nh4 21. Bf1 h5 22. h3 Bc8 23. a4 g5 24. g3 Nf5 25. Bg2 h4 26. g4 Ng7 27. Nf3 Nxg4 28. hxg4 Bxg4 29. Ne5 Bc8 30. e4 dxe4 31. Nxe4 Qh6 32. Qd2 f6 33. Nc4 h3 34. Bf3 Qg6 35. Ned6 Rxe1+ 36. Rxe1 Rd8 37. Nxc8 Rxc8 38. Bg4 f5 39. Bxh3 Rd8 40. Bg2 Qf6 41. Ne5 Ne6 42. d5 Nf4 43. Bh1 cxd5 44. Nf3 d4 45. Ne5 Kg7 46. Nd3 Ng6 47. Rc1 Rd7 48. Nc5 Re7 49. Nd3 Nh4 50. b5 axb5 51. axb5 f4 52. Re1 Rf7 53. Ne5 Rc7 54. Ng4 Qf5 55. Qxd4+ Kg6 56. Qd6+ Kh5 57. Nh2 Rd7 58. Qb4 g4 0-1


[Site "https://www.chess.com"]

[Event "Titled Tuesday Blitz August 09 Early 2022"]
[White "Maksimenko, Viktor"]
[Black "Niyazgulova, Marina"]
[WhiteFideId "13710478"]
[BlackFideId "24142573"]
[WhiteElo "2269"]
[BlackElo "1986"]
[Result "1-0"]
[Round "07"]
[TimeControl "180+1"]
[Date "2022.08.09"]
[WhiteClock "0:00:39"]
[BlackClock "0:00:01"]

1. d4 d5 2. c4 c6 3. Nf3 Nf6 4. Nc3 dxc4 5. a4 Bf5 6. Ne5 Nbd7 7. Nxc4 Qc7 8. Qd2 e5 9. dxe5 Nxe5 10. Qf4 Nfd7 11. Qxf5 Nxc4 12. Qe4+ Nce5 13. f4 f5 14. Qxf5 Ng6 15. e4 Be7 16. g3 O-O-O 17. Bg2 Bc5 18. Bd2 Rhf8 19. Qh3 h6 20. O-O-O Kb8 21. Kb1 Nb6 22. Bc1 Bb4 23. Qe6 Bxc3 24. Qxg6 Bd4 25. e5 Nxa4 26. Qc2 Qa5 27. Rd3 Qb5 28. Rb3 Qa6 29. Qxc6 Qxc6 30. Bxc6 Nc5 31. Rb4 Kc7 32. Bf3 a5 33. Rc4 Kb6 34. Rd1 Bf2 35. Kc2 Rxd1 36. Bxd1 Rd8 37. Bf3 Bd4 38. Bd2 Kb5 39. Be2 1-0


[Site "https://www.chess.com"]

[Event "Titled Tuesday Blitz August 09 Early 2022"]
[White "Martin Barcelo, Carles"]
[Black "Vasques, Antonio Pedro Freixial"]
[WhiteFideId "24561444"]
[BlackFideId "1908332"]
[WhiteElo "1922"]
[BlackElo "2243"]
[Result "1-0"]
[Round "07"]
[TimeControl "180+1"]
[Date "2022.08.09"]
[WhiteClock "0:00:47"]
[BlackClock "0:01:20"]

1. e4 c5 2. Nc3 Nc6 3. g3 g6 4. Bg2 Bg7 5. Nge2 Rb8 6. O-O b5 7. d3 b4 8. Nd5 e6 9. Ne3 Nge7 10. c3 bxc3 11. bxc3 O-O 12. d4 cxd4 13. cxd4 d5 14. e5 Ba6 15. Re1 Qb6 16. Ba3 Rfc8 17. Bd6 Bxe2 18. Rxe2 Nxd4 19. Bxe7 Nxe2+ 20. Qxe2 Bxe5 21. Rd1 Qb2 22. Rd2 Rc1+ 23. Bf1 Qa1 24. Bg5 Rbb1 25. Rc2 Re1 26. Bh6 Rbc1 27. Qxe1 1-0


[Site "https://www.chess.com"]

[Event "Titled Tuesday Blitz August 09 Early 2022"]
[White "Martinez Alcantara, Jose Eduardo"]
[Black "Abdrlauf, Elham"]
[WhiteFideId "3805662"]
[BlackFideId "1533533"]
[WhiteElo "2703"]
[BlackElo "2430"]
[Result "0-1"]
[Round "07"]
[TimeControl "180+1"]
[Date "2022.08.09"]
[WhiteClock "0:01:18"]
[BlackClock "0:00:22"]

1. e4 c6 2. d4 d5 3. e5 c5 4. Nf3 cxd4 5. Qxd4 Nc6 6. Qf4 g6 7. Bd3 Bh6 8. Ng5 f6 9. h4 Nxe5 10. Bb5+ Bd7 11. Bxd7+ Qxd7 12. Qg3 Nc6 13. Nxh7 Qe6+ 14. Kd1 Rxh7 15. Re1 Qf5 16. Nc3 Bxc1 17. Rxc1 O-O-O 18. Nb5 e5 19. Re3 Qh5+ 20. f3 a6 21. Na3 Qxh4 22. Qxg6 Qh6 23. Qd3 e4 24. Qd2 f5 25. c3 f4 26. Re1 e3 27. Qd3 Rg7 28. Re2 Qg6 29. Qxg6 Rxg6 30. Nc2 Nge7 31. Ne1 d4 32. cxd4 Rxd4+ 33. Kc2 Rgd6 34. Kb1 Rd2 35. Rc2 Kd7 36. b3 Nf5 37. Kc1 Rxe2 38. Rxe2 Nb4 39. a3 Nd3+ 40. Kc2 Nxe1+ 41. Rxe1 Rd2+ 42. Kc3 Rxg2 43. Kd3 Nd6 44. Kd4 Rd2+ 45. Ke5 Rd3 46. Rb1 e2 47. Re1 Rxf3 48. Rxe2 Re3+ 49. Kd5 Rxe2 50. Kc5 f3 51. b4 f2 52. a4 f1=Q 53. Kb6 Qf2+ 54. Ka5 Kc7 55. b5 Qe1# 0-1


[Site "https://www.chess.com"]

[Event "Titled Tuesday Blitz August 09 Early 2022"]
[White "Matlakov, Maxim"]
[Black "Yaksin, Oleg"]
[WhiteFideId "4168003"]
[BlackFideId "24105880"]
[WhiteElo "2669"]
[BlackElo "2256"]
[Result "1-0"]
[Round "07"]
[TimeControl "180+1"]
[Date "2022.08.09"]
[WhiteClock "0:01:51"]
[BlackClock "0:00:09"]

1. Nf3 d5 2. e3 Nf6 3. b3 g6 4. Bb2 Bg7 5. c4 c6 6. Be2 O-O 7. O-O Nbd7 8. d4 Ne4 9. Nbd2 f5 10. cxd5 cxd5 11. Rc1 Ndf6 12. Ne5 Be6 13. Ndf3 Rc8 14. Nd3 Qd6 15. Nfe5 Rxc1 16. Qxc1 Rc8 17. Qa1 Qb4 18. Nf4 Bf7 19. Rc1 Rxc1+ 20. Qxc1 Qd2 21. Qxd2 Nxd2 22. f3 g5 23. Nfd3 e6 24. Kf2 Bf8 25. Ke1 Nb1 26. Kd1 Na3 27. Nc5 b6 28. Bxa3 bxc5 29. Bxc5 Bxc5 30. dxc5 Be8 31. b4 Kf8 32. b5 Ke7 33. Kd2 Kd8 34. Kc3 Kc7 35. a4 h5 36. a5 g4 37. Kd4 gxf3 38. gxf3 h4 39. b6+ axb6 40. axb6+ Kb7 41. Bf1 Ba4 42. Ng6 Nd7 43. Nxh4 Kc6 44. Ng6 Nxc5 45. Ne7+ Kxb6 46. Ke5 Bd1 47. f4 Bg4 48. h3 Bh5 49. Ng8 Kc6 50. Nf6 Bf3 51. h4 Nd7+ 52. Nxd7 Kxd7 53. Kf6 Ke8 54. Kxe6 Kf8 55. Kxf5 Kg7 56. Kg5 Be4 57. f5 d4 58. exd4 Kf7 59. h5 Kf8 60. h6 Kg8 61. Bc4+ Kh7 62. d5 Bc2 63. d6 Ba4 64. Be6 Be8 65. d7 Bxd7 66. Bxd7 Kh8 67. Kg6 Kg8 68. f6 Kh8 69. Kf7 Kh7 70. Ke7 Kxh6 71. f7 1-0


[Site "https://www.chess.com"]

[Event "Titled Tuesday Blitz August 09 Early 2022"]
[White "Matveeva, Olga"]
[Black "Lebedev, Artem S."]
[WhiteFideId "24107018"]
[BlackFideId "34272747"]
[WhiteElo "2052"]
[BlackElo "1699"]
[Result "1/2-1/2"]
[Round "07"]
[TimeControl "180+1"]
[Date "2022.08.09"]
[WhiteClock "0:00:16"]
[BlackClock "0:00:08"]

1. d4 d5 2. c4 e6 3. Nf3 Nf6 4. g3 Be7 5. Bg2 O-O 6. O-O dxc4 7. Qc2 b5 8. Ne5 Qxd4 9. Bxa8 Qxe5 10. Bf4 Qc5 11. Bg2 Nd5 12. Nc3 Nc6 13. Ne4 Qb6 14. Ng5 g6 15. Rfd1 Nxf4 16. gxf4 Nd4 17. Qe4 h6 18. Rxd4 hxg5 19. fxg5 Bxg5 20. Rad1 Bf6 21. R4d2 e5 22. Qc6 Qxc6 23. Bxc6 Ba6 24. Rd7 b4 25. Rxc7 c3 26. bxc3 bxc3 27. Bd5 e4 28. Bxe4 Bxe2 29. Rc1 Rd8 30. Rxa7 Rd2 31. a4 Bd4 32. Rc7 Ba6 33. R1xc3 Rxf2 34. Kh1 Bxc3 35. Rxc3 Rf4 36. Bd5 Rxa4 37. Rc7 Ra1+ 38. Kg2 Rf1 39. Ra7 Rf6 40. Bxf7+ Rxf7 41. Rxa6 Kg7 42. Kg3 Re7 43. h4 Rd7 44. Kg4 Rd4+ 45. Kg5 Rd5+ 46. Kg4 Rd4+ 47. Kg5 Rd5+ 48. Kg4 Rd4+ 1/2-1/2


[Site "https://www.chess.com"]

[Event "Titled Tuesday Blitz August 09 Early 2022"]
[White "McConnell, Griffin"]
[Black "Najdin, Danil"]
[WhiteFideId "30942551"]
[BlackFideId "4172426"]
[WhiteElo "2310"]
[BlackElo "2240"]
[Result "0-1"]
[Round "07"]
[TimeControl "180+1"]
[Date "2022.08.09"]
[WhiteClock "0:00:11"]
[BlackClock "0:01:20"]

1. e4 Nf6 2. Nc3 e5 3. Nf3 Nc6 4. Bb5 Nd4 5. Be2 Nxe2 6. Qxe2 d6 7. d3 g6 8. O-O Bg7 9. Bg5 O-O 10. Nd2 h6 11. Bh4 c6 12. f4 exf4 13. Kh1 g5 14. Bf2 Bg4 15. Qe1 Qd7 16. Rg1 Rae8 17. Nf3 b6 18. Qf1 Bh5 19. Be1 Ng4 20. Bd2 f5 21. Re1 fxe4 22. Nxe4 d5 23. Nc3 Ne3 24. Bxe3 fxe3 25. Qe2 b5 26. Nd1 d4 27. Ref1 Qg4 28. h3 Qg3 29. Qe1 Qxe1 30. Rxe1 Bxf3 31. gxf3 Rxf3 32. Kg2 Ref8 33. Re2 Be5 34. c3 Rg3+ 35. Kh1 Rxh3+ 36. Rh2 Rxh2# 0-1


[Site "https://www.chess.com"]